 Dungeon Crawl Stone Soup version 0.15.2 (webtiles) character file.

27 RottenBandages the Insei (level 2, 0/24 HPs)
             Began as a Mummy Monk on Oct 31, 2015.
             Slain by a giant gecko (3 damage)
             ... on Level 1 of the Dungeon.
             The game lasted 00:01:21 (1296 turns).

RottenBandages the Insei (Mummy Monk)               Turns: 1296, Time: 00:01:21

HP   0/24        AC  2     Str 14      XL: 2   Next: 93%
MP   2/2         EV 13     Int  9      God:
Gold 30          SH  0     Dex 14      Spells:  0 memorised,  1 level left

rFire  x . .     SeeInvis .       - Unarmed
rCold  + . .     Clarity  .     a - +0 robe
rNeg   + + +     rCorr    .     (no shield)
rPois  +         rRot     +     (no helmet)
rElec  .         Spirit   .     (no cloak)
SustAb .         Warding  .     (no gloves)
rMut   .         Stasis   .     (no boots)
Gourm  .                        (no amulet)
MR     .....                    (no ring)
                                (no ring)

@: not resistant to hostile enchantments, unstealthy
A: no food or potions, fire vulnerability, restore body, cold resistance 1,
negative energy resistance 3, poison resistance, torment resistance, unbreathing
a: no special abilities


You were on level 1 of the Dungeon.
You were not hungry.

You visited 1 branch of the dungeon, and saw 1 of its levels.

You collected 30 gold pieces.


Innate Abilities, Weirdness & Mutations

You do not eat or drink.
Your flesh is vulnerable to fire.
Your flesh is cold resistant.
You are immune to negative energy.
Your system is resistant to poisons.
You are immune to unholy pain and torment.
You can survive without breathing.


   Skills:
 - Level 3.0 Fighting
 - Level 2.4 Dodging
 - Level 1.5 Stealth
 + Level 4.0 Unarmed Combat


You had one spell level left.
You didn't know any spells.

Inventory:

Missiles
 b - 7 curare-tipped needles (quivered) {=f}
 e - 8 javelins
Armour
 a - a +0 robe (worn)
Scrolls
 c - a scroll of recharging {unknown}
 d - a scroll of identify {unknown}
 f - a scroll of enchant armour {unknown}

Dungeon Overview and Level Annotations

Branches:
Dungeon (1/15)

Altars:

[....#..........######...# #...
.....########'### #.#.# ####.
.....# #.# ####.#%# #.... ....##
##### #....#.####.#.# #####
♣♣#P#♣♣## #.####......#.# ##
♣####P...#PP# #.##.......##.# .#
#PPPP.....PP# #.##.##.#%....#
##♣##..#.......####.##.##.#..#...
♣P...#...#...lM.#)##.##.#..#.##
#PP..#.......P#.()##.##.#..#...
#P♣PP#.P.....PP###.##.......####
# #♣#PPP#≈..PP♣# #.......#.##
###♣P♣♣♣♣♣♣ #########.# ## #.#
#.##### #...... #.#####


You could see a giant gecko.


Message History

You are too injured to fight recklessly!
You are too injured to fight recklessly!
The giant gecko barely misses you. The giant gecko closely misses you.
The giant gecko closely misses you.
Here: a giant gecko (heavily wounded)
The floor.
Unknown command.
The giant gecko closely misses you.
You hit the giant gecko but do no damage.
The giant gecko is moderately wounded.
The giant gecko barely misses you.
You barely miss the giant gecko.
The giant gecko is moderately wounded.
The giant gecko hisses menacingly.
The giant gecko bites you but does no damage.
You closely miss the giant gecko.
The giant gecko is moderately wounded.
The giant gecko bites you.
* * * LOW HITPOINT WARNING * * *
You barely miss the giant gecko.
The giant gecko is moderately wounded.
The giant gecko barely misses you.
You closely miss the giant gecko.
The giant gecko is moderately wounded.
The giant gecko barely misses you. The giant gecko completely misses you.
You hit the giant gecko.
The giant gecko is heavily wounded.
The giant gecko bites you.
You die...

Action                   || total
-------------------------++-------
Melee: Unarmed           ||   115
 Stab: Sleeping          ||     3

Vault maps used:
D:1:      onia_arrival_mini_spirals, lexackson_kobold_supper

Notes
Turn   | Place    | Note
--------------------------------------------------------------
     0 | D:1      | RottenBandages, the Mummy Monk, began the quest for the Orb.
     0 | D:1      | Reached XP level 1. HP: 18/18 MP: 1/1
   416 | D:1      | Reached XP level 2. HP: 21/24 MP: 2/2
   913 | D:1      | Reached skill level 4 in Unarmed Combat
  1296 | D:1      | Slain by a giant gecko

Vanquished Creatures
  A giant gecko (D:1)
  An ooze (D:1)
  2 bats (D:1)
  2 giant cockroaches (D:1)
  A hobgoblin (D:1)
  A ball python (D:1)
  A giant newt (D:1)
  4 goblins (D:1)
  9 kobolds (D:1)
  3 rats (D:1)
  A plant (D:1)
26 creatures vanquished.
